 Dungeon Crawl Stone Soup version 0.28-a0-622-gbaef9634d7 (webtiles) character file.

Game seed: 4913372000784791858

481 siradein the Skirmisher (level 6, -1/49 HPs)
             Began as a Draconian Fighter on Oct 8, 2021.
             Was a Follower of Hepliaklqana.
             Killed by nerve-wracking pain
             ... invoked by Menkaure
              (12 damage)
             ... on level 4 of the Dungeon.
             The game lasted 00:06:03 (3563 turns).

siradein the Skirmisher (Draconian Fighter)         Turns: 3563, Time: 00:06:04

Health: -1/49      AC:  6    Str: 19    XL:     6   Next: 87%
Magic:  8/8        EV: 13    Int:  8    God:    Hepliaklqana [*.....]
Gold:   153        SH:  5    Dex: 12    Spells: 5/5 levels left

rFire   . . .      SeeInvis .   o - +1 short sword (elec)
rCold   . . .      Faith    .   b - +0 buckler
rNeg    . . .      Spirit   .   (armour unavailable)
rPois   .          Reflect  .   (helmet restricted)
rElec   .          Harm     .   (no cloak)
rCorr   .          Rampage  .   (no gloves)
Will    .....                   (no boots)
Stlth   +.........              (no amulet)
HPRegen 0.16/turn               (no ring)
MPRegen 0.11/turn               (no ring)

@: no status effects
A: reduced essence, AC +6, unfitting armour, cold-blooded
a: Renounce Religion, Recall Ancestor, Ancestor Identity


You were on level 4 of the Dungeon.
You worshipped Hepliaklqana.
Hepliaklqana was aware of your devotion.
You visited 2 branches of the dungeon, and saw 5 of its levels.

You collected 153 gold pieces.

Inventory:

Hand Weapons
 a - a +0 long sword
 e - a +2 dagger of speed
 i - a +0 dagger of venom
 o - a +1 short sword of electrocution (weapon)
Missiles
 n - 13 poisoned darts (quivered)
 s - 3 boomerangs
Armour
 b - a +0 buckler (worn)
 l - a +0 kite shield
Scrolls
 d - 3 scrolls of identify {unknown}
 f - a scroll of blinking {unknown}
 g - a scroll of summoning {unknown}
 j - a scroll of immolation {unknown}
 k - a scroll of silence {unknown}
 m - a scroll of noise {unknown}
 p - a scroll of enchant weapon {unknown}
 r - a scroll of acquirement {unknown}
Potions
 c - 2 potions of might
 h - a potion of invisibility {unknown}
 q - a potion of brilliance {unknown}


   Skills:
 + Level 4.8 Fighting
 + Level 3.7 Long Blades
 + Level 4.0 Dodging
 + Level 4.4 Shields
 + Level 2.9 Invocations


You had 5 spell levels left.
You didn't know any spells.
Your spell library was empty.

Dungeon Overview and Level Annotations

Branches:
Dungeon (4/15)             Temple (1/1) D:4

Altars:
Dithmenos
Elyvilon
Fedhas
Gozag
Hepliaklqana
Kikubaaqudgha
Nemelex Xobeh
Qazlal
Vehumet
Zin
The Shining One
Lugonu

Annotations:
D:4 Menkaure


Innate Abilities, Weirdness & Mutations

Your life essence is reduced to manifest your ancestor. (-10% HP)
Your plain brown scales are hard. (AC +6)
You cannot fit into any form of body armour.
You are cold-blooded and may be slowed by cold attacks.


Message History

You closely miss the orc.
Your tail-slap misses the orc.
The orc is moderately wounded.
Maendfuq hits the orc.
You block the orc's attack.
A dart slug comes into view.
You hit the orc.
You kill the orc!
You hit Menkaure.
Menkaure is lightly damaged.
Maendfuq hits Menkaure but does no damage.
Menkaure closely misses you.
You hit Menkaure but do no damage.
Menkaure is lightly damaged.
Maendfuq barely misses Menkaure.
Menkaure misses you.
You barely miss Menkaure.
Menkaure is lightly damaged.
Maendfuq hits Menkaure but does no damage.
You completely miss Menkaure.
Menkaure is lightly damaged.
Menkaure gestures at you while chanting.
Pain shoots through your body!
Maendfuq hits Menkaure but does no damage.
Your +0 dagger of venom stops dripping with poison.
You hear the crackle of electricity.
o - a +1 short sword of electrocution (weapon)
Maendfuq hits Menkaure.
The dart slug bites Maendfuq.
Maendfuq hits Menkaure.
The dart slug bites Maendfuq.
Maendfuq hits the dart slug.
Maendfuq hits the dart slug.
The dart slug dies!
Menkaure mumbles some strange words.
Menkaure seems to speed up.
Okay, then.
Menkaure hums drily.
Menkaure calls on the powers of darkness!
Your body is wracked with pain!
* * * LOW HITPOINT WARNING * * *
There is an open door here.
Menkaure gestures at you while chanting.
Pain shoots through your body!
You die...

......)...≈≈≈≈≈≈≈.⌠.≈≈
.......#.#≈≈#≈≈≈≈≈$≈≈≈≈≈
.......#.##≈≈≈≈≈#..≈≈≈≈#≈
.......#.R#†≈≈#≈≈...≈≈≈≈≈
.......##..#≈≈≈≈≈..≈≈≈≈≈
....... #R###≈≈≈≈≈≈≈≈≈≈≈
....... #.####.≈≈#≈≈≈#
....... #.M##.###≈.≈≈#
#######.##...@..###
.........#M..#..#
.........'.####.#
.........### #)#
.........# #.# .........#
#.# .........# #.##
.........# #..#
.........# ##.##


You could see Menkaure (fast).

Vanquished Creatures
  A black bear (D:3)
  An ogre (D:4)
  A howler monkey (D:4)
  A hound (D:4)
  2 jellies (D:4)
  An orc wizard (D:3)
  4 adders
  2 worms
  5 dart slugs (D:4)
  15 orcs
  6 ball pythons
  7 endoplasms
  3 giant cockroaches
  6 goblins
  3 hobgoblins
  4 jackals
  6 kobolds
  3 bats (D:1)
  4 frilled lizards (D:1)
  5 rats
80 creatures vanquished.

Vanquished Creatures (collateral kills)
  A dart slug (D:4)
1 creature vanquished.

Vanquished Creatures (others)
  2 plants (D:4)
2 creatures vanquished.

Grand Total: 83 creatures vanquished

Notes
Turn   | Place    | Note
-------+----------+-------------------------------------------
     0 | D:1      | siradein the Draconian Fighter began the quest for the Orb.
     0 | D:1      | Reached XP level 1. HP: 19/19 MP: 1/1
   207 | D:1      | Reached XP level 2. HP: 21/26 MP: 2/2
   876 | D:1      | Reached XP level 3. HP: 32/33 MP: 3/3
  1038 | D:2      | Found a faded altar of an unknown god.
  1051 | D:2      | You fall into a shaft and drop 1 floor!
  1063 | D:3      | Found a hazy altar of Hepliaklqana.
  1074 | D:3      | Became a worshipper of Hepliaklqana the Forgotten
  1141 | D:3      | Reached XP level 4. HP: 9/40 MP: 4/4
  1447 | D:3      | Reached skill level 1 in Invocations
  2734 | D:4      | Reached XP level 5. HP: 30/46 MP: 4/6
  2992 | D:4      | Noticed a black bear
  3018 | D:3      | Killed a black bear
  3019 | D:3      | Reached XP level 6. HP: 40/53 MP: 7/7
  3230 | D:4      | Found a staircase to the Ecumenical Temple.
  3241 | Temple   | Entered the Ecumenical Temple
  3298 | D:4      | Reached * piety under Hepliaklqana
  3479 | D:4      | Found a white marble altar of Elyvilon.
  3537 | D:4      | Noticed Menkaure
  3563 | D:4      | Killed from afar by Menkaure

Illustrated notes

Levels and vault maps discovered:
D:1:      arrival_zaba_pyramid, layout_loops_ring, minmay_hexomino_u4
D:2:      layout_basic, basic_ecumenical_altar, feat_on_display
D:3:      layout_basic, mainiacjoe_overflow_tiny_flanked
D:4:      kennysheep_slugbush, layout_basic, kennysheep_little_box,
          elyvilon_altar_4, general_overflow_altar,
          minmay_temple_entry_gardened_gates, minmay_starry_boxes, uniq_menkaure
Temple:   corrupted_temple

Skill      XL: |  1  2  3  4  5  6 |
---------------+-------------------+-----
Dodging        | 3 4 |  4.0
Invocations    | 1 2 |  2.9
Fighting       | 4 |  4.8
Long Blades    | 3 |  3.7
Shields        | 4 |  4.4

Action                   |  1- 3 |  4- 6 || total
-------------------------+-------+-------++-------
Melee: Dagger            |   107 |   119 ||   226
       Long sword        |     8 |       ||     8
       Tailslap          |    12 |    24 ||    36
       Short sword       |       |    30 ||    30
Invok: Ancestor Identity |       |     1 ||     1
 Stab: Sleeping          |       |     2 ||     2
Armor: Skin              |    21 |    24 ||    45
Dodge: Dodged            |    55 |    58 ||   113
Block: Buckler           |    16 |    30 ||    46

Table legend: (Time is in decaauts)
 A = Elapsed time spent in this place.
 B = Non-inter-level travel time spent in this place.
 C = Inter-level travel time spent in this place.
 D = Time resting spent in this place.
 E = Time spent auto-exploring this place.
 F = Levels seen in this place.
 G = Mean time per level.
                   A        B        C        D        E       F      G
               +--------+--------+--------+--------+--------+-----+--------+
         Total |   3522 |   3461 |     61 |    306 |   2587 |   5 |  704.4 |
       Dungeon |   3477 |   3428 |     49 |    306 |   2561 |   4 |  869.2 |
        Temple |     44 |     32 |     12 |      0 |     26 |   1 |   44.0 |
               +--------+--------+--------+--------+--------+-----+--------+

Top non-repeatable levels by time:
     D:3: 1752 daAuts
     D:1: 1009 daAuts
     D:4: 691 daAuts
  Temple: 44 daAuts
     D:2: 24 daAuts
